 Dungeon Crawl Stone Soup version 0.30.1-4-g462c640d31 (webtiles) character file.

Game seed: 1067869507680638832

4599 Zeor the Destroyer (level 10, -8/53 HPs)
             Began as a Deep Elf Conjurer on Sept 14, 2023.
             Was a Follower of Vehumet.
             Killed from afar by an acid dragon (27 damage)
             ... with a splash of acid
             ... on level 7 of the Dungeon.
             The game lasted 00:30:12 (9709 turns).

Zeor the Destroyer (Deep Elf Conjurer)              Turns: 9709, Time: 00:30:13

Health: -8/53      AC:  6    Str:  4    XL:     10   Next: 19%
Magic:  31/34      EV: 29    Int: 28    God:    Vehumet [*.....]
Gold:   462        SH:  0    Dex: 13    Spells: 4/27 levels left

rFire   . . .        a - staff of conjuration
rCold   . . .        (no shield)
rNeg    . . .        k - +1 robe
rPois   .            d - +1 hat
rElec   .            (no cloak)
rCorr   .            (no gloves)
SInv    .            r - +1 pair of boots
Will    +....        h - amulet of the acrobat
Stlth   +++          C - +4 ring of protection
HPRegen 0.28/turn    H - ring of magical power
MPRegen 0.24/turn

%: acrobat
@: corroded, acrobatic
A: no striking features
a: Renounce Religion


You were on level 7 of the Dungeon.
You worshipped Vehumet.
Vehumet was aware of your devotion.
You visited 2 branches of the dungeon, and saw 8 of its levels.
You also visited: Sewer.

You collected 547 gold pieces.
You spent 85 gold pieces at shops.

Inventory:

Hand Weapons
 b - the +6 whip of Excruciating Pain {venom, Will+ rCorr}
   (You found it on level 6 of the Dungeon)

   rCorr:     It protects you from acid and corrosion.
   Will:      It increases your willpower.
 c - a +1 quarterstaff of flaming
Missiles
 u - 2 throwing nets
 x - 2 curare-tipped darts
Armour
 d - a +1 hat (worn)
 k - a +1 robe (worn)
 r - a +1 pair of boots (worn)
Magical Staves
 a - a staff of conjuration (weapon)
 y - a staff of poison
Jewellery
 h - an amulet of the acrobat (around neck)
 m - an amulet of reflection
 B - a ring of willpower
 C - a +4 ring of protection (left hand)
 F - a +5 ring of evasion
 H - a ring of magical power (right hand)
Wands
 l - a wand of roots (11)
 t - a wand of mindburst (19)
 E - a wand of paralysis (5)
Scrolls
 e - 2 scrolls of enchant weapon
 g - a scroll of immolation
 i - 3 scrolls of blinking
 w - a scroll of summoning
 D - 5 scrolls of teleportation
 G - a scroll of torment
Potions
 f - a potion of cancellation
 n - a potion of berserk rage
 o - a potion of brilliance
 p - a potion of might
 q - a potion of attraction
 s - a potion of resistance {unknown}
 v - 2 potions of mutation
 z - a potion of haste {unknown}
 A - 2 potions of curing


   Skills:
 + Level 1.7 Fighting
 + Level 1.3 Staves
 * Level 6.9 Dodging
 + Level 6.0 Stealth
 + Level 9.4 Spellcasting
 * Level 11.0 Conjurations
 + Level 1.0 Hexes
 + Level 2.4 Earth Magic
 * Level 5.6 Evocations


You had 4 spell levels left.
You knew the following spells:

 Your Spells              Type           Power      Damage    Failure   Level
b - Iskenderun's Mystic   Conj/Tloc      60%        2d13      4%          4
c - Freezing Cloud        Conj/Ice/Air   25%        6-21      26%         5
d - Magic Dart            Conj           100%       1d8       1%          1
f - Dazzling Flash        Conj/Hex       100%       N/A       1%          3
p - Fulminant Prism       Conj/Hex       31%        3d15      3%          4
r - Searing Ray           Conj           100%       2d8       1%          2
s - Stone Arrow           Conj/Erth      100%       3d13      1%          3
A - Apportation           Tloc           26%        N/A       4%          1

Your spell library contained the following spells:

 Spells                   Type           Power      Damage    Failure   Level
 Freeze                   Ice            52%        1d6       4%          1
 Sandblast                Erth           52%        2d12      1%          1
 Passwall                 Tmut/Erth      16%        N/A       3%          2
 Ensorcelled Hibernation  Hex/Ice        32%        N/A       5%          2
 Cigotuvi's Dreadful Rot  Necr/Pois/Air  26%        N/A       6%          2
 Summon Guardian Golem    Hex/Summ       16%        N/A       11%         3
 Ignite Poison            Fire/Tmut/Pois 13%        N/A       13%         3
 Swiftness                Air            13%        N/A       13%         3
 Volatile Blastmotes      Fire/Tloc      26%        2d12      13%         3
 Orb of Destruction       Conj           42%        9d12      36%         7
 Starburst                Conj/Fire      30%        6d9       56%         6
 Alistair's Intoxication  Tmut/Pois      8%         N/A       75%         5
 Spellforged Servitor     Conj/Summ      30%        N/A       98%         7


Dungeon Overview and Level Annotations

Branches:
Dungeon (7/15)             Temple (1/1) D:5           Sewer (visited)

Altars:
Cheibriados
Dithmenos
Hepliaklqana
Kikubaaqudgha
Nemelex Xobeh
Okawaru
Qazlal
Ru
Sif Muna
Trog
Vehumet
Wu Jian
Xom
Zin
The Shining One

Shops:
D:1 *   D:2 *


Message History

Press: ? - help, Shift-Dir - straight line, f/p - Pikel
Aim: Pikel, wielding a +1 whip of electrocution and wearing a +0 robe (almost dead, 72% to hit)
You feel a surge of power!
The stone arrow hits Pikel!
You kill Pikel!
Vehumet accepts your kill.
With Pikel's spell broken, his former minions thank you for their freedom.
The lemure departs this earthly plane. x4
Your Stealth skill increases to level 6!
Your Conjurations skill increases to level 11!
Your Hexes skill increases to level 1!
Things that are here:
a +1 whip of electrocution; a +0 robe; the kobold corpse of Pikel You start resting.
HP restored.
Magic restored.
j - a scroll of identify
As you read the scroll of identify, it crumbles to dust.
q - a potion of attraction
Things that are here:
a +0 flail; a +0 flail An acid dragon comes into view.
Casting: Stone Arrow (safe; 1% risk of failure)
Confirm with . or Enter, or press ? or * to list all spells.
Aiming: Searing Ray (safe; 1% risk of failure)
Press: ? - help, Shift-Dir - straight line, f - acid dragon
Aim: an acid dragon (asleep, 100% to hit)
You feel a surge of power!
The searing ray hits the acid dragon!
The acid dragon is moderately wounded.
The acid dragon roars! (Press . to maintain the ray.)
The acid dragon spits acid at you. The splash of acid hits you!!
Ouch! That really hurt!
The acid corrodes you!
The searing ray hits the acid dragon!
The acid dragon is heavily wounded.
The acid dragon spits acid at you. The splash of acid hits you!!
Ouch! That really hurt!
You die...

▒∙▒ ▒▒∙▒▒∙▒∙▒▒▒∙▒∙▒∙▒
▒∙∙▒ ∙▒
▒∙∙∙∙∙∙∙∙∙∙∙∙∙▒∙▒ ▒∙∙▒
▒▒▒▒∙∙▒∙▒▒▒∙▒∙▒∙▒▒▒▒∙∙▒
▒∙∙▒∙∙∙∙∙∙∙∙∙∙∙∙∙∙∙▒
▒∙∙∙∙▒▒▒∙∙∙∙∙▒▒▒▒▒∙▒
▒∙▒▒∙▒ ▒▒▒∙▒∙▒ ▒∙▒
▒∙▒▒∙▒ ▒∙▒∙▒ ▒∙▒
▒∙▒▒▒▒▒▒▒▒∙▒∙▒ ▒∙▒
▒∙∙∙∙∙De∙∙∙▒∙▒ ▒▒▒
▒▒▒▒▒▒▒▒▒▒∙▒∙▒ ▒∙▒∙▒
▒▒▒▒▒


You could see an acid dragon (catching breath).

Vanquished Creatures
  Pikel (D:7)
  4 yaks (D:6)
  A wyvern (D:5)
  Menkaure (D:4)
  A water moccasin (D:7)
  An orc warrior (D:7)
  A black bear (D:7)
  An ice beast (D:6)
  2 ogres (D:4)
  A centaur (D:6)
  A phantom (D:5)
  2 kobold brigands (D:6)
  4 bullfrogs
  A gnoll sergeant (D:5)
  5 scorpions
  3 wights (D:7)
  11 killer bees
  3 howler monkeys
  3 jellies
  2 quasits
  5 hounds
  2 gnoll boudas
  An orc priest (D:7)
  4 iguanas
  3 orc wizards
  2 sleepcaps (D:6)
  17 gnolls
  12 adders
  2 shadow imps (D:7)
  2 white imps (D:7)
  An ufetubus (D:7)
  2 worms
  2 dart slugs
  23 orcs
  10 bats
  6 endoplasms
  15 giant cockroaches
  2 goblins (D:1)
  6 hobgoblins
  6 jackals
  12 kobolds
  12 quokkas
  7 ball pythons
  10 frilled lizards
  A goblin skeleton (D:5)
  2 goblin zombies (D:5)
  3 hobgoblin zombies (D:5)
  A kobold zombie (D:5)
  2 orc skeletons (D:5)
  2 orc zombies (D:5)
  7 rats
231 creatures vanquished.

Vanquished Creatures (others)
  4 fulminant prisms
4 creatures vanquished.

Grand Total: 235 creatures vanquished

Notes
Turn   | Place    | Note
-------+----------+-------------------------------------------
     0 | D:1      | Zeor the Deep Elf Conjurer began the quest for the Orb.
     0 | D:1      | Reached XP level 1. HP: 10/10 MP: 6/6
   102 | D:1      | Reached XP level 2. HP: 15/15 MP: 0/8
   181 | D:1      | Learned a level 2 spell: Searing Ray
   251 | D:1      | Reached skill level 5 in Conjurations
   495 | D:1      | Found a faded altar of an unknown god.
   677 | D:1      | Reached XP level 3. HP: 19/19 MP: 6/9
   681 | D:1      | Learned a level 3 spell: Stone Arrow
   809 | D:1      | Found Hoadghil's Assorted Antiques.
   818 | D:1      | Bought a scroll labelled DERIFYST YGAET for 25 gold pieces
   854 | D:1      | Acquired a staff of conjuration
  1525 | D:2      | Found Kiloned's General Store.
  1534 | D:2      | Bought a potion of berserk rage for 60 gold pieces
  1752 | D:2      | Reached XP level 4. HP: 24/24 MP: 8/10
  1993 | D:3      | You fall into a shaft and drop 2 floors!
  1993 | D:5      | Entered Level 5 of the Dungeon
  2102 | D:5      | Noticed a scorpion
  2103 | D:5      | come the fuck on
  2126 | D:5      | Noticed a wyvern
  2166 | D:5      | Reached XP level 5. HP: 10/28 MP: 0/12
  2182 | D:5      | Reached skill level 1 in Evocations
  2272 | D:4      | Reached skill level 6 in Conjurations
  2297 | D:4      | Noticed Menkaure
  2496 | D:4      | Noticed an ogre
  2537 | D:4      | Reached XP level 6. HP: 33/33 MP: 7/14
  2589 | D:4      | Killed Menkaure
  2590 | D:4      | Reached skill level 1 in Fighting
  2590 | D:4      | Reached skill level 5 in Spellcasting
  2667 | D:4      | Reached XP level 7. HP: 38/38 MP: 8/16
  2684 | D:4      | Found a glowing drain.
  2688 | Sewer    | Entered a sewer
  2754 | Sewer    | Learned a level 4 spell: Iskenderun's Mystic Blast
  4354 | D:4      | Reached skill level 7 in Conjurations
  4357 | D:4      | Reached skill level 5 in Dodging
  4358 | D:4      | Reached XP level 8. HP: 18/43 MP: 7/19
  4758 | D:4      | Learned a level 1 spell: Apportation
  4905 | D:4      | Learned a level 3 spell: Dazzling Flash
  5301 | D:5      | Reached skill level 8 in Conjurations
  5499 | D:5      | Learned a level 4 spell: Fulminant Prism
  5544 | D:5      | Found a glowing golden altar of the Shining One.
  5559 | D:5      | Reached skill level 1 in Earth Magic
  6056 | D:5      | Reached skill level 5 in Stealth
  6281 | D:5      | Found a staircase to the Ecumenical Temple.
  6340 | Temple   | Entered the Ecumenical Temple
  6372 | Temple   | Became a worshipper of Vehumet
  6515 | D:5      | Reached skill level 9 in Conjurations
  6515 | D:5      | Reached XP level 9. HP: 27/48 MP: 2/22
  7601 | D:6      | Reached skill level 1 in Staves
  7603 | D:6      | Reached skill level 10 in Conjurations
  7746 | D:6      | Identified the +6 whip of Excruciating Pain {venom, Will+
                  | rCorr}
  8364 | D:7      | Reached * piety under Vehumet
  8364 | D:7      | Offered knowledge of Freeze by Vehumet.
  8517 | D:7      | Learned a level 5 spell: Freezing Cloud
  8599 | D:7      | Reached skill level 5 in Evocations
  9041 | D:7      | Reached XP level 10. HP: 53/53 MP: 16/25
  9591 | D:7      | Noticed Pikel
  9598 | D:7      | Killed Pikel
  9599 | D:7      | Reached skill level 11 in Conjurations
  9599 | D:7      | Reached skill level 1 in Hexes
  9709 | D:7      | Killed from afar by an acid dragon

Illustrated notes

▒∙∙∙∙∙▒∙∙∙∙▒ ▒▒
▒▒▒▒▒∙∙∙∙∙▒▒▒'▒▒
∙▒▒∙∙∙▒∙∙∙∙∙∙∙†∙∙∙
∙∙∙∙∙▒∙∙∙∙∙∙∙∙∙∙∙
∙∙∙ ▒∙∙∙∙∙∙∙∙∙∙∙ ▒
▒▒▒'▒▒▒∙∙∙∙∙∙∙∙∙∙∙
▒▒▒▒∙
▒∙y∙∙∙∙∙∙∙∙∙▒▒▒■▒▒
∙∙∙∙∙∙▒yy∙∙∙∙∙∙∙∙∙▒


∙∙∙∙∙yse∙∙∙∙∙∙∙∙∙∙▒ ∙∙∙∙∙∙▒∙∙∙∙∙∙∙∙∙∙∙▒ ∙∙∙∙∙ ▒∙∙∙∙∙∙∙∙∙∙∙▒ ▒∙∙∙ ▒∙∙∙∙∙∙∙∙∙∙∙▒
▒∙∙ ∙∙∙∙∙▒▒▒▒▒▒■▒▒ ∙∙ ▒∙∙∙∙∙▒ ∙ ∙∙∙Z∙∙∙ ∙∙∙∙∙∙∙ Turn 2103 on D:5: come the fuck
on

Levels and vault maps discovered:
D:1:      giann_bridges, layout_loops_ring, serial_shops, shop,
          ebering_ecumenical_altar_petrified, minmay_tromino_i4
D:2:      layout_loops_cross, serial_shops, shop, serial_bayou_ford_a,
          chequers_mini_garden
D:3:      layout_loops_ring, roderic_nine_men_s_morris
D:4:      layout_loops_ring, gup_sewer_entry_spiral, grunt_ministairs_14,
          chequers_serial_rivers_small_b, uniq_menkaure
D:5:      layout_gridville, nicolae_tso_besieged_by_evil, temple_green
D:6:      layout_loops_cross
D:7:      layout_basic, serial_demonic, serial_demonic_c, serial_demonic_f,
          serial_demonic_e, serial_demonic_c, serial_demonic_a,
          nicolae_benzene_ring, uniq_pikel
Temple:   compressed_dpeg_circular_temple

Skill      XL: |  1  2  3  4  5  6  7  8  9 10 |
---------------+-------------------------------+-----
Conjurations   | 5 6 7 9 10 11 | 11.0
Stealth        | 3 4 5 6 |  6.0
Dodging        | 3 4 5 6 |  6.9
Evocations     | 1 2 3 5 |  5.6
Spellcasting   | 4 5 6 7 9 |  9.4
Fighting       | 1 |  1.7
Earth Magic    | 1 2 |  2.4
Staves         | 1 |  1.3
Hexes          | 1 |  1.0

Action                     |  1- 3 |  4- 6 |  7- 9 | 10-12 || total
---------------------------+-------+-------+-------+-------++-------
  Melee: Quarterstaff      |     3 |       |       |       ||     3
         Staff             |     9 |    17 |    25 |       ||    51
   Cast: Magic Dart        |    56 |    12 |    88 |     3 ||   159
         Searing Ray       |     8 |    17 |    74 |     9 ||   108
         Stone Arrow       |     1 |     6 |    29 |     5 ||    41
         Dazzling Flash    |       |       |     7 |       ||     7
         Fulminant Prism   |       |       |     4 |       ||     4
    Use: Scroll            |     7 |     4 |     6 |     1 ||    18
         Potion            |       |     8 |     1 |       ||     9
   Stab: Sleeping          |     2 |       |     1 |       ||     3
         Invisible         |       |       |     2 |       ||     2
 Armour: Robe              |     4 |    21 |    42 |     1 ||    68
  Dodge: Dodged            |    14 |   132 |   131 |     9 ||   286
